 Dungeon Crawl Stone Soup version 0.30-a0-23-ge60ba3568b (webtiles) character file.

Game seed: 1764837630147720504

331 SensoryNuts the Chopper (level 6, -11/53 HPs)
             Began as a Hill Orc Fighter on Aug 25, 2022.
             Mangled by Pikel
             ... wielding a +1 whip of electrocution
              (12 damage)
             ... on level 4 of the Dungeon.
             The game lasted 00:05:24 (3662 turns).

SensoryNuts the Chopper (Hill Orc Fighter)          Turns: 3662, Time: 00:05:24

Health: -11/53     AC: 16    Str: 23      XL:     6   Next: 51%
Magic:  6/6        EV:  9    Int:  5 (7)  God:
Gold:   50         SH:  4    Dex: 10 (11) Spells: 5/5 levels left

rFire   + + .      SeeInvis .    a - +1 war axe
rCold   + . .      Faith    .    c - +0 buckler
rNeg    . . .      Spirit   .    b - +1 scale mail
rPois   .          Reflect  .    (no helmet)
rElec   .          Harm     .    (no cloak)
rCorr   .          Rampage  .    f - +2 pair of gloves of a ziggurat {rF++}
Will    .....                    g - +0 pair of boots
Stlth   ..........               (no amulet)
HPRegen 0.17/turn                (no ring)
MPRegen 0.10/turn                (no ring)

@: no status effects
A: iridescent scales 2, cold resistance 1, strong 1
a: no special abilities


You were on level 4 of the Dungeon.
You visited 1 branch of the dungeon, and saw 5 of its levels.

You collected 211 gold pieces.
You spent 161 gold pieces at shops.

Inventory:

Hand Weapons
 a - a +1 war axe (weapon)
Armour
 b - a +1 scale mail (worn)
 c - a +0 buckler (worn)
 f - the +2 pair of gloves of a ziggurat (worn) {rF++}
   (You bought it in a shop on level 4 of the Dungeon)

   rF:        It greatly protects you from fire.
 g - a +0 pair of boots (worn)
Jewellery
 d - a +6 ring of strength
 q - a ring of wizardry


   Skills:
 + Level 4.6 Fighting
 + Level 6.1 Axes
 + Level 5.0 Armour
 + Level 1.0 Dodging
 + Level 0.4 Stealth
 + Level 3.6 Shields


You had 5 spell levels left.
You didn't know any spells.
Your spell library contained the following spells:

 Spells                   Type           Power      Damage    Failure   Level
 Blink                    Tloc           0%         N/A       95%         2
 Ensorcelled Hibernation  Hex/Ice        0%         N/A       95%         2
 Passwall                 Tmut/Erth      0%         N/A       95%         2
 Lesser Beckoning         Tloc           0%         N/A       99%         3
 Portal Projectile        Hex/Tloc       0%         N/A       99%         3
 Swiftness                Air            0%         N/A       99%         3
 Tukima's Dance           Hex            0%         N/A       99%         3
 Sticky Flame             Conj/Fire      0%         2d3       100%        4
 Blade Hands              Tmut           0%         N/A       100%        5
 Manifold Assault         Tloc           0%         N/A       100%        5
 Yara's Violent Unravell  Hex/Tmut       0%         3d3       100%        5
 Discord                  Hex            0%         N/A       100%        8


Dungeon Overview and Level Annotations

Branches:
Dungeon (5/15)
 Temple: D:4-7

Altars:
Makhleb
Wu Jian

Shops:
D:4 [*

Annotations:
D:4 Pikel


Innate Abilities, Weirdness & Mutations

You are mostly covered in iridescent scales. (AC +4)
Your flesh is cold resistant. (rC+)
Your muscles are strong. (Str +4, Int/Dex -1)


Message History

You feel less porcine.
Your +1 war axe unmelds from your body.
The +2 pair of gloves of a ziggurat {rF++} unmelds from your body.
Your +0 pair of boots unmelds from your body.
Your +0 buckler unmelds from your body.
Your +1 scale mail unmelds from your body.
Pikel hits you but does no damage.
You are electrocuted!
* * * LOW HITPOINT WARNING * * *
You closely miss Pikel.
Pikel is heavily wounded.
Pikel barely misses you.
You barely miss Pikel.
Pikel is heavily wounded.
Pikel hits you but does no damage.
You slash Pikel!
Pikel is severely wounded.
Pikel hits you but does no damage.
Unknown command.
You slash Pikel!
Pikel is almost dead.
Pikel hits you but does no damage. x2
You barely miss Pikel.
Pikel is almost dead.
Pikel says, "You'll burn in Gehenna!"
Pikel barely misses you.
You miss Pikel.
Pikel is almost dead.
Pikel closely misses you.
You barely miss Pikel.
Pikel is almost dead.
Pikel closely misses you.
You hit Pikel but do no damage.
Pikel is almost dead.
You block Pikel's attack.
You closely miss Pikel.
Pikel is almost dead.
Pikel hits you with a +1 whip of electrocution.
* * * LOW HITPOINT WARNING * * *
You are electrocuted!
You die...

..### ##.#.###.>....# ##.# ..#
#..#......#.####...
.##############.#.#####..........
.#..............#.### ###.####...
##.############.....# #.# ##.#
##.# #####.###.### #.# #.# .#.#
#.....# #...# #.# #.. ##.#
#.###K###.#.# #.# #.# ##.# #.#
#.@...#.# #.## #.#
##.########.#####.###.# #..# #.#
..............# #.# #.# #.[# #<#
.....######.#.###.###.###..# #..
...........................# ##.
..........#.#...##.#..####.# ###.
......#####.#...##.#..# #.# #...
.....#.##....#........# ##.###..8
.....##.#.###........####...##.8.


You could see Pikel.

Vanquished Creatures
  A black bear (D:5)
  A scorpion (D:5)
  An iguana (D:5)
  5 adders
  5 gnolls
  A white imp (D:5)
  An ufetubus (D:5)
  A worm (D:2)
  2 dart slugs
  2 orcs (D:3)
  4 endoplasms
  A giant cockroach (D:4)
  6 goblins
  4 hobgoblins
  3 jackals (D:1)
  3 quokkas
  4 ball pythons
  A frilled lizard (D:3)
  6 kobolds
  2 rats (D:2)
54 creatures vanquished.

Vanquished Creatures (others)
  A demonic plant (D:3)
  A fungus (D:3)
  A plant (D:3)
  A withered plant (D:3)
4 creatures vanquished.

Grand Total: 58 creatures vanquished

Notes
Turn   | Place    | Note
-------+----------+-------------------------------------------
     0 | D:1      | SensoryNuts the Hill Orc Fighter began the quest for the
                  | Orb.
     0 | D:1      | Reached XP level 1. HP: 19/19 MP: 1/1
   339 | D:1      | Reached XP level 2. HP: 14/27 MP: 2/2
   604 | D:1      | Reached skill level 3 in Axes
   930 | D:2      | Found an ornate altar of the Wu Jian Council.
   954 | D:2      | Reached XP level 3. HP: 25/33 MP: 3/3
  1406 | D:3      | Found a faded altar of an unknown god.
  1471 | D:3      | Identified the +3 falchion of Evisceration {drain, rF+
                  | Will- Str+2 SInv}
  1506 | D:3      | Reached XP level 4. HP: 39/40 MP: 4/4
  1766 | D:3      | Found a burning altar of Makhleb.
  2105 | D:4      | Found Huruafyo's General Store.
  2201 | D:4      | Found Gohyunat's Antique Armour Shop.
  2215 | D:4      | Bought a pair of ichor-stained gloves for 161 gold pieces
  2215 | D:4      | Identified the +2 pair of gloves of a ziggurat {rF++} (You
                  | bought it in a shop on level 4 of the Dungeon)
  2416 | D:4      | Reached skill level 4 in Axes
  2630 | D:4      | Reached XP level 5. HP: 44/46 MP: 5/5
  2929 | D:4      | Gained mutation: You are partially covered in iridescent
                  | scales. (AC +2) [potion of mutation]
  2929 | D:4      | Gained mutation: Your flesh is cold resistant. (rC+)
                  | [potion of mutation]
  2929 | D:4      | Gained mutation: Your muscles are strong. (Str +4, Int/Dex
                  | -1) [potion of mutation]
  2929 | D:4      | Gained mutation: You are mostly covered in iridescent
                  | scales. (AC +4) [potion of mutation]
  3002 | D:5      | Entered Level 5 of the Dungeon
  3002 | D:5      | Noticed Pikel
  3002 | D:5      | Noticed a lemure
  3002 | D:5      | Noticed a lemure
  3002 | D:5      | Noticed a lemure
  3002 | D:5      | Noticed a lemure
  3002 | D:5      | Noticed an ogre
  3253 | D:5      | Noticed a black bear
  3262 | D:5      | Reached skill level 5 in Axes
  3268 | D:5      | Killed a black bear
  3269 | D:5      | Reached skill level 5 in Armour
  3269 | D:5      | Reached skill level 1 in Dodging
  3269 | D:5      | Reached XP level 6. HP: 41/53 MP: 6/6
  3355 | D:5      | Got Sif Muna's Omnibus of Destructive Imprecation
  3465 | D:5      | Reached skill level 6 in Axes
  3653 | D:4      | HP: 1/53 [Pikel/+1 whip of electrocution (17)]
  3662 | D:4      | HP: 1/53 [Pikel/+1 whip of electrocution (2)]
  3662 | D:4      | Mangled by Pikel

Illustrated notes

Levels and vault maps discovered:
D:1:      mushboom_english_gardens, layout_basic, kennysheep_decorative_pillar,
          st_stairs_12
D:2:      layout_basic, basic_altar
D:3:      layout_basic, lightli_temple_of_fire, shapermc_ecumenical_altar_gd,
          serial_bayou_lagoon_b
D:4:      layout_loops_ring, serial_shops, nicolae_diamond_shop,
          nicolae_lakefront_shop
D:5:      layout_loops_corners, ashenzari_altar_1,
          mainiacjoe_overflow_surrounded_room, lemuel_tele_altar,
          overflow_temple_1_default, temple_green, minmay_checkerbox,
          uniq_pikel, uniq_duvessa

Skill      XL: |  1  2  3  4  5  6 |
---------------+-------------------+-----
Axes           | 3 4 5 6 |  6.1
Fighting       | 4 |  4.6
Armour         | 4 5 |  5.0
Dodging        | 1 |  1.0
Stealth        | |  0.4
Shields        | |  3.6

Action                   |  1- 3 |  4- 6 || total
-------------------------+-------+-------++-------
Melee: War axe           |    83 |    89 ||   172
       Unarmed           |       |     8 ||     8
  Use: Scroll            |       |     7 ||     7
       Potion            |       |    12 ||    12
Armor: Scale mail        |    40 |    51 ||    91
Dodge: Dodged            |    31 |    49 ||    80
Block: Buckler           |    18 |    13 ||    31

Table legend: (Time is in decaauts)
 A = Elapsed time spent in this place.
 B = Non-inter-level travel time spent in this place.
 C = Inter-level travel time spent in this place.
 D = Time resting spent in this place.
 E = Time spent auto-exploring this place.
 F = Levels seen in this place.
 G = Mean time per level.
                   A        B        C        D        E       F      G
               +--------+--------+--------+--------+--------+-----+--------+
         Total |   3722 |   3722 |      0 |    412 |   2648 |   5 |  744.4 |
       Dungeon |   3722 |   3722 |      0 |    412 |   2648 |   5 |  744.4 |
               +--------+--------+--------+--------+--------+-----+--------+

Top non-repeatable levels by time:
     D:4: 1128 daAuts
     D:1: 944 daAuts
     D:3: 744 daAuts
     D:2: 463 daAuts
     D:5: 441 daAuts
